 Dungeon Crawl Stone Soup version 0.17-a0-1830-g81820eb (webtiles) character file.

2 Gorice the Ducker (level 1, -1/10 HPs)
             Began as a Felid Berserker on Sept 13, 2015.
             Was a Follower of Trog.
             Slain by a gnoll
             ... wielding a +0 flail
              (11 damage)
             ... on level 1 of the Dungeon.
             The game lasted 00:00:50 (158 turns).

Gorice the Ducker (Felid Berserker)                  Turns: 158, Time: 00:00:51

Health: -1/10      AC:  1    Str: 13    XL:     1   Next: 25%
Magic:  2/2        EV: 19    Int:  8    God:    Trog [*.....]
Gold:   38         SH:  0    Dex: 15    Spells: 0 memorised, 0 levels left
                                        Lives:  0   Deaths: 0

rFire  . . .     SeeInvis +       - Unarmed
rCold  . . .     Clarity  .     (armour unavailable)
rNeg   . . .     SustAt   .     (shield unavailable)
rPois  .         Gourm    .     (helmet unavailable)
rElec  .         Spirit   .     (cloak unavailable)
rCorr  .         Warding  .     (gloves unavailable)
rMut   .         Stasis   .     (boots unavailable)
MR     .....                    (no amulet)
Stlth  ++........               (no ring)
                                (no ring)

@: quick, not resistant to hostile enchantments, unstealthy
A: no armour, no weapons or thrown items, claws 1, fangs 3, see invisible,
carnivore 3, speed 1, shaggy fur 1, slow metabolism 1, sharp paws
a: Burn Spellbooks, Berserk, Renounce Religion


You were on level 1 of the Dungeon.
You worshipped Trog.
Trog was aware of your devotion.
You were full.

You visited 1 branch of the dungeon, and saw 1 of its levels.

You collected 38 gold pieces.

Inventory:

Scrolls
 c - a scroll of blinking {unknown}
 d - a scroll of identify {unknown}
 g - a scroll of noise {unknown}
Potions
 b - 2 potions of brilliance {unknown}
 e - a potion of ambrosia {unknown}
 h - 2 potions of invisibility {unknown}
Comestibles
 a - a meat ration {!e}
 f - a chunk of flesh
 i - a slice of pizza


   Skills:
 + Level 3.0 Fighting
 - Level 4.0 Dodging
 * Level 3.1 Unarmed Combat


You couldn't memorise any spells.
You didn't know any spells.

Dungeon Overview and Level Annotations

Branches:
Dungeon (1/15)

Altars:


Innate Abilities, Weirdness & Mutations

You cannot wear armour.
You are incapable of wielding weapons or throwing items.
You have sharp claws.
You have razor-sharp teeth.
You have supernaturally acute eyesight.
You are carnivorous and can eat meat at any time.
You cover ground quickly.
You are covered in fur (AC +1).
You have a slow metabolism.
Your sharp claws are effective at attacking unaware monsters.


Message History

Things that are here:
a club; a hobgoblin corpse You butcher the hobgoblin corpse.
f - 2 chunks of flesh You see here a club.
g - a scroll labeled LASHEC VUGALIE You see here a club.
h - 2 white potions Eating one of 2 chunks of flesh.
This raw flesh tastes great.
You continue eating. x2
Eating a chunk of flesh.
This raw flesh tastes great.
You continue eating. x2
Found 14 sling bullets.
Found 18 sling bullets.
Found a dagger.
A bat comes into view.
Found 17 gold pieces and a dagger.
The bat completely misses you.
You closely miss the bat. The bat barely misses you. The bat misses you.
The bat closely misses you.
Found a ring mail and a slice of pizza.
You barely miss the bat. The bat completely misses you.
The bat closely misses you.
You closely miss the bat. The bat barely misses you.
You closely miss the bat. The bat hits you but does no damage.
The bat closely misses you.
You scratch the bat but do no damage. The bat barely misses you.
The bat completely misses you. The bat misses you.
You scratch the bat.
You kill the bat!
Trog accepts your kill.
No target in view!
No target in view!
No target in view!
You see here a bat corpse.
You butcher the bat corpse.
f - a chunk of flesh You see here a bat skeleton.
You now have 38 gold pieces (gained 17).
A gnoll comes into view. It is wielding a flail.
i - a slice of pizza
Found a stone staircase leading down.
Found a scratched tourmaline ring.
The helpless gnoll fails to defend itself.
You scratch the gnoll.
The gnoll is heavily wounded.
The gnoll hits you with a flail!
Ouch! That really hurt!
You die...

############.. #....
###..# #.... ##.....
..=.. #...... ...#
......#.. #..# .....##..
.># ######... #g# #.#
##..# #@# ..#######...#
#.# #.#........). #.#
#.#.#####....
#######.####.#.####.....
#........(..............
#..............#####....
#..............# #....
#...[..........# #....
#..............# #....


You could see a gnoll.

Vanquished Creatures
  A hobgoblin (D:1)
  A bat (D:1)
2 creatures vanquished.

Notes
Turn   | Place    | Note
--------------------------------------------------------------
     0 | D:1      | Gorice the Felid Berserker began the quest for the Orb.
     0 | D:1      | Reached XP level 1. HP: 10/10 MP: 2/2
   158 | D:1      | Slain by a gnoll

Vault maps used:
D:1:      denvon_arrival_waterhouse

Action                   || total
-------------------------++-------
Melee: Unarmed           ||     9
 Stab: Sleeping          ||     1
  Eat: Chunk             ||     2

Table legend:
 A = Turns spent in this place as a percentage of turns spent in the entire game.
 B = Non-inter-level travel turns spent in this place as a percentage of non-inter-level travel turns spent in the entire game.
 C = Inter-level travel turns spent in this place as a percentage of turns spent in this place.
 D = Turns resting spent in this place as a percentage of non-inter-level travel turns spent in this place.
 E = Turns spent auto-exploring this place as a percentage of non-inter-level travel turns spent in this place.
 F = Non-inter-level travel turns spent in this place divided by the number of levels of this place that you've seen.
                   A       B       C       D       E      F
               +-------+-------+-------+-------+-------+----------------------
         Total | 100.0 | 100.0 |   0.0 |   0.0 |  14.3 |  77.0
       Dungeon | 100.0 | 100.0 |   0.0 |   0.0 |  14.3 |  77.0
               +-------+-------+-------+-------+-------+----------------------

Vault maps used:
D:1:      denvon_arrival_waterhouse
